 Dungeon Crawl Stone Soup version 0.29-a0-355-g7276a9ff7f (webtiles) character file.

Game seed: 15091381609529199206

8948 Dauddaud the Severer (level 11, -1/123 HPs)
             Began as a Minotaur Berserker on Apr 25, 2022.
             Was an Elder of Trog.
             Slain by a seven-headed hydra (7 damage)
             ... on level 11 of the Dungeon.
             The game lasted 00:19:43 (12971 turns).

Dauddaud the Severer (Minotaur Berserker)          Turns: 12971, Time: 00:19:44

Health: -1/123     AC: 18    Str: 26    XL:     11   Next: 16%
Magic:  10/10      EV:  7    Int:  4    God:    Trog [****..]
Gold:   552        SH:  0    Dex: 10    Spells: 10/10 levels left

rFire   . . .      SeeInvis .   G - +0 battleaxe
rCold   + . .      Faith    .   (shield currently unavailable)
rNeg    . . .      Spirit   .   P - +0 plate armour
rPois   .          Reflect  .   (helmet restricted)
rElec   .          Harm     .   (no cloak)
rCorr   .          Rampage  .   u - +1 pair of gloves
Will    .....                   g - +0 pair of boots
Stlth   ..........              K - amulet of regeneration
HPRegen 1.10/turn               j - ring of protection from cold
MPRegen 0.12/turn               J - +4 ring of protection

@: berserking, very quick
A: horns 2, retaliatory headbutt
a: Renounce Religion, Berserk, Trog's Hand, Brothers in Arms


You were on level 11 of the Dungeon.
You worshipped Trog.
Trog was greatly pleased with you.
You visited 1 branch of the dungeon, and saw 11 of its levels.

You collected 552 gold pieces.

Inventory:

Hand Weapons
 a - a +0 hand axe
 z - a +0 war axe
 G - a +0 battleaxe (weapon)
Missiles
 D - 5 throwing nets (quivered)
Armour
 b - a +0 animal skin
 g - a +0 pair of boots (worn)
 h - a +0 ring mail
 u - a +1 pair of gloves (worn)
 A - a +0 chain mail
 P - a +0 plate armour (worn)
Jewellery
 j - a ring of protection from cold (left hand)
 q - a ring of magical power
 y - a ring of magical power
 J - a +4 ring of protection (right hand)
 K - an amulet of regeneration (around neck)
 Q - a ring of poison resistance
Wands
 F - a wand of digging (7)
 H - a wand of polymorph (19)
 N - a wand of paralysis (6)
 O - a wand of flame (5)
Scrolls
 c - 3 scrolls of teleportation
 d - a scroll of blinking
 f - 2 scrolls of noise
 i - 3 scrolls of magic mapping
 l - 3 scrolls of enchant armour
 n - 2 scrolls of enchant weapon
 r - 2 scrolls of identify
 s - 2 scrolls of amnesia {unknown}
 v - a scroll of torment {unknown}
 w - a scroll of acquirement {unknown}
 B - a scroll of immolation {unknown}
 E - 2 scrolls of vulnerability {unknown}
 R - a scroll of fear {unknown}
Potions
 e - a potion of brilliance {unknown}
 k - a potion of cancellation {unknown}
 m - 3 potions of resistance {unknown}
 o - a potion of attraction {unknown}
 p - 5 potions of lignification {unknown}
 t - a potion of berserk rage {unknown}
 x - 2 potions of degeneration {unknown}
 C - 4 potions of flight {unknown}
 I - a potion of heal wounds {unknown}
 L - a potion of haste {unknown}
 M - a potion of might {unknown}


   Skills:
 - Level 3.6 Fighting
 * Level 17.1 Axes
 - Level 2.4 Armour
 - Level 2.1 Dodging
 + Level 9.1 Evocations


You had 10 spell levels left.
You didn't know any spells.
Your spell library was empty.

Dungeon Overview and Level Annotations

Branches:
Dungeon (11/15)            Temple (0/1) D:6             Orc (0/2) D:9
   Lair: D:8-11

Altars:
Ashenzari
Cheibriados
Elyvilon
Gozag
Hepliaklqana
Kikubaaqudgha
Nemelex Xobeh
Sif Muna
Trog
Wu Jian
Xom
Zin

Shops:
D:1 =   D:4 (   D:9 *   D:10 *


Innate Abilities, Weirdness & Mutations

You have a pair of horns on your head.
You reflexively headbutt those who attack you in melee.


Message History

The six-headed hydra bites you but does no damage. x2
The six-headed hydra bites you.
The six-headed hydra bites you but does no damage. x3
You barely miss the six-headed hydra.
The six-headed hydra is heavily wounded.
The six-headed hydra barely misses you. The six-headed hydra bites you!
The six-headed hydra bites you.
The six-headed hydra bites you but does no damage.
The six-headed hydra barely misses you.
The six-headed hydra bites you but does no damage.
You chop one of the six-headed hydra's heads off!
The five-headed hydra grows two more!
You slice the seven-headed hydra!!
The seven-headed hydra is severely wounded.
You barely miss the seven-headed hydra.
The seven-headed hydra is severely wounded.
The seven-headed hydra bites you!
The seven-headed hydra closely misses you.
The seven-headed hydra bites you but does no damage.
The seven-headed hydra bites you!
* * * LOW HITPOINT WARNING * * *
The seven-headed hydra bites you.
* * * LOW HITPOINT WARNING * * *
The seven-headed hydra bites you!
* * * LOW HITPOINT WARNING * * *
The seven-headed hydra bites you.
* * * LOW HITPOINT WARNING * * *
You barely miss the seven-headed hydra.
The seven-headed hydra is severely wounded.
You completely miss the seven-headed hydra.
You headbutt the seven-headed hydra.
The seven-headed hydra is severely wounded.
The seven-headed hydra bites you!
* * * LOW HITPOINT WARNING * * *
The seven-headed hydra closely misses you.
The seven-headed hydra bites you.
* * * LOW HITPOINT WARNING * * *
The seven-headed hydra barely misses you.
The seven-headed hydra bites you but does no damage.
The seven-headed hydra bites you!
You die...

.............##
..............#
..............#
.......>.......
...............
.............#
............!#
#.....D@./..#
##.........##
##..^..?..#
##.....###
#######


You could see a seven-headed hydra.

Vanquished Creatures
  A two-headed ogre (D:10)
  Psyche (D:9)
  A hornet (D:10)
  Prince Ribbit (D:7)
  A wyvern (D:9)
  4 humans (D:7)
  A wraith (D:10)
  18 yaks
  4 steam dragons
  2 water moccasins
  An orc warrior (D:10)
  3 black bears
  2 ice beasts
  An ogre (D:5)
  6 centaurs
  3 phantoms (D:7)
  2 kobold brigands (D:9)
  2 gnoll sergeants
  5 bullfrogs
  3 necrophages
  A scorpion (D:4)
  4 wights (D:7)
  3 killer bees (D:9)
  5 howler monkeys
  3 hounds
  2 jellies
  2 orc priests
  5 iguanas (D:5)
  11 orc wizards
  9 gnolls
  5 adders
  2 shadow imps (D:7)
  2 white imps (D:7)
  An ufetubus (D:6)
  A worm (D:2)
  3 dart slugs
  31 orcs
  8 ball pythons
  7 endoplasms
  4 giant cockroaches
  4 goblins
  8 hobgoblins
  6 jackals
  18 kobolds
  6 quokkas
  3 bats
  3 frilled lizards
  2 rats (D:1)
221 creatures vanquished.

Notes
Turn   | Place    | Note
-------+----------+-------------------------------------------
     0 | D:1      | Dauddaud the Minotaur Berserker began the quest for the
                  | Orb.
     0 | D:1      | Reached XP level 1. HP: 19/19 MP: 0/0
    99 | D:1      | Reached skill level 4 in Axes
   334 | D:1      | Reached XP level 2. HP: 23/26 MP: 1/1
   879 | D:1      | Reached skill level 5 in Axes
   898 | D:1      | Reached XP level 3. HP: 31/31 MP: 2/2
   904 | D:1      | Found Efuoh's Jewellery Shoppe.
  1267 | D:2      | Reached ** piety under Trog
  1297 | D:2      | Reached skill level 6 in Axes
  1297 | D:2      | Reached XP level 4. HP: 34/39 MP: 3/3
  1901 | D:2      | Found a shimmering blue altar of Sif Muna.
  1979 | D:2      | Found a faded altar of an unknown god.
  2259 | D:3      | Found a hazy altar of Hepliaklqana.
  2524 | D:3      | Found a bloodstained altar of Trog.
  3030 | D:3      | Found a shimmering altar of Xom.
  3138 | D:3      | Found a white marble altar of Elyvilon.
  3384 | D:4      | Reached XP level 5. HP: 45/45 MP: 4/4
  3404 | D:4      | Reached skill level 7 in Axes
  3556 | D:4      | Found Xiogijat's Book Shop.
  3879 | D:4      | Noticed a black bear
  3886 | D:4      | Killed a black bear
  3887 | D:4      | Reached skill level 8 in Axes
  3887 | D:4      | Reached XP level 6. HP: 50/51 MP: 5/5
  4067 | D:4      | Reached skill level 9 in Axes
  4351 | D:4      | Found Cucly's Weapon Shoppe.
  4623 | D:4      | Found a snail-covered altar of Cheibriados.
  4709 | D:4      | Reached XP level 7. HP: 46/57 MP: 6/6
  4932 | D:4      | Reached skill level 10 in Axes
  5645 | D:5      | Entered Level 5 of the Dungeon
  5792 | D:5      | Reached *** piety under Trog
  5853 | D:5      | Reached skill level 11 in Axes
  5994 | D:5      | Found an ornate altar of the Wu Jian Council.
  5995 | D:5      | Found an ancient bone altar of Kikubaaqudgha.
  6063 | D:5      | Reached XP level 8. HP: 64/64 MP: 7/7
  6116 | D:5      | Reached skill level 12 in Axes
  6564 | D:5      | Found a glowing silver altar of Zin.
  6675 | D:6      | Found a sparkling altar of Nemelex Xobeh.
  6743 | D:6      | Found a staircase to the Ecumenical Temple.
  7063 | D:6      | Found an opulent altar of Gozag.
  7200 | D:6      | Found a shimmering blue altar of Sif Muna.
  7259 | D:6      | Reached skill level 13 in Axes
  7950 | D:7      | Reached skill level 14 in Axes
  7951 | D:7      | Reached XP level 9. HP: 21/70 MP: 8/8
  8478 | D:7      | Reached skill level 15 in Axes
  8723 | D:7      | Noticed Prince Ribbit
  8733 | D:7      | Found a broken altar of Ashenzari.
  8735 | D:7      | Killed Prince Ribbit
  8736 | D:7      | Reached skill level 1 in Evocations
  9576 | D:8      | Reached **** piety under Trog
 10523 | D:8      | Reached skill level 5 in Evocations
 10804 | D:8      | Reached XP level 10. HP: 77/77 MP: 9/9
 10978 | D:9      | Reached skill level 16 in Axes
 11244 | D:9      | Found a staircase to the Orcish Mines.
 11364 | D:9      | Found Lezoxt's Assorted Antiques.
 11600 | D:9      | Noticed Psyche
 11623 | D:9      | Killed Psyche
 12014 | D:10     | Entered Level 10 of the Dungeon
 12019 | D:10     | Noticed a two-headed ogre
 12032 | D:10     | Killed a two-headed ogre
 12033 | D:10     | Reached XP level 11. HP: 45/82 MP: 10/10
 12391 | D:10     | Found a shimmering blue altar of Sif Muna.
 12629 | D:10     | Reached skill level 17 in Axes
 12634 | D:10     | Reached ***** piety under Trog
 12711 | D:10     | Found Uptoshry's Overcharged Wands.
 12960 | D:11     | Noticed a four-headed hydra
 12971 | D:11     | HP: 6/123 [seven-headed hydra (3)]
 12971 | D:11     | Slain by a seven-headed hydra

Illustrated notes

Levels and vault maps discovered:
D:1:      kennysheep_arrival_forest, layout_loops_ring, serial_shops,
          nicolae_shop_waterfront, nrook_uturn, corexii_item_surrounded_by_moat,
          item_on_display_a
D:2:      layout_basic, basic_altar, ebering_ecumenical_altar_sacrificial
D:3:      layout_loops_cross, elyvilon_altar_3, mainiacjoe_overflow_two_lobes,
          mainiacjoe_overflow_paths
D:4:      kennysheep_six_static_rooms, layout_gridville,
          mainiacjoe_overflow_brackets, serial_shops,
          nicolae_shop_bloodbath_and_beyond, nicolae_shop_statue_plus
D:5:      layout_cave_pools, zin_statuary, gammafunk_temple_overflow_pools
D:6:      layout_loops_corners, nicolae_gozag_seed_capital,
          minmay_temple_entry_enclosed_plants,
          nicolae_concentric_dashed_squares_wild, hangedman_feature_mirror
D:7:      layout_basic, mainiacjoe_overflow_small_starburst, chequers_avenue,
          minmay_ruffians, uniq_prince_ribbit1
D:8:      cheibrodos_steamvent, layout_loops_ring
D:9:      layout_gridville, orc_0_dummy, serial_shops,
          nicolae_inconvenience_store, uniq_psyche
D:10:     layout_loops_ring, mainiacjoe_overflow_cross_hatched,
          nicolae_shop_overcharged_wands
D:11:     layout_cave_pods, dpeg_lair_monsters, special_room [special_room_orc]

Skill      XL: |  1  2  3  4  5  6  7  8  9 10 11 |
---------------+----------------------------------+-----
Axes           | 4 5 6 8 9 11 14 15 16 17 | 17.1
Evocations     | 5 8 9 |  9.1
Fighting       | |  3.6
Armour         | |  2.4
Dodging        | |  2.1

Action                   |  1- 3 |  4- 6 |  7- 9 | 10-12 || total
-------------------------+-------+-------+-------+-------++-------
Melee: Hand axe          |    53 |   122 |    21 |       ||   196
       Headbutt          |     8 |    19 |    47 |    39 ||   113
       Punch             |       |     2 |     1 |       ||     3
       War axe           |       |       |   153 |       ||   153
       Battleaxe         |       |       |    95 |   225 ||   320
Invok: Berserk           |       |     2 |     3 |     1 ||     6
       Trog's Hand       |       |       |     1 |     1 ||     2
  Use: Scroll            |       |       |     2 |     4 ||     6
Armor: Animal skin       |     9 |       |       |       ||     9
       Ring mail         |       |    43 |    12 |       ||    55
       Chain mail        |       |       |   142 |   102 ||   244
       Plate armour      |       |       |       |    32 ||    32
Dodge: Dodged            |    28 |    57 |   109 |    66 ||   260

Table legend: (Time is in decaauts)
 A = Elapsed time spent in this place.
 B = Non-inter-level travel time spent in this place.
 C = Inter-level travel time spent in this place.
 D = Time resting spent in this place.
 E = Time spent auto-exploring this place.
 F = Levels seen in this place.
 G = Mean time per level.
                   A        B        C        D        E       F      G
               +--------+--------+--------+--------+--------+-----+--------+
         Total |  12959 |  12646 |    313 |   3530 |   7689 |  11 | 1178.1 |
       Dungeon |  12959 |  12646 |    313 |   3530 |   7689 |  11 | 1178.1 |
               +--------+--------+--------+--------+--------+-----+--------+

Top non-repeatable levels by time:
     D:4: 2207 daAuts
     D:7: 1557 daAuts
     D:8: 1382 daAuts
     D:6: 1318 daAuts
     D:3: 1299 daAuts
     D:1: 1150 daAuts
     D:9: 1121 daAuts
     D:2: 1004 daAuts
     D:5: 971 daAuts
    D:10: 937 daAuts
    D:11: 8 daAuts
